TOP OF THE 1ST |
Greenville 84s batting - Pitching for Chicago Silver Sox : RHP Carl MacPherson
|
Pitching: RHP Carl MacPherson
|
|
Batting: RHB Juan Jose Ayala
|
0-0: Called Strike 0-1: DOUBLE (Line Drive, 9LM, EV 113.8 MPH)
|
Batting: LHB Philip Visscher
|
0-0: Ball 1-0: Ball 2-0: Foul Ball, location: 2F 2-1: Foul Ball, location: 2F 2-2: Foul Ball, location: 2F 2-2: Strikes out swinging
|
Batting: RHB Ángelo Delgado
|
0-0: Ball Juan Jose Ayala steals 3rd, throwing error, E2 Juan Jose Ayala scores 1-0: Ball 2-0: Ball 3-0: Base on Balls
|
Batting: RHB Tae-cho Han
|
0-0: Called Strike 0-1: Ball 1-1: Ball 2-1: Ball 3-1: Base on Balls Ángelo Delgado to second
|
Batting: LHB Manoo Satyavrat
|
0-0: Called Strike 0-1: Ball 1-1: Foul Ball, location: 2F 1-2: Fly out, F8 (Flyball, 8RXD, EV 88.8 MPH) Runner from 2nd tags up, SAFE at 3rd, no throw by CF
|
Batting: RHB Wally Briggs
|
0-0: Ball 1-0: Called Strike 1-1: Ball 2-1: Swinging Strike 2-2: Ground out 4-3 (Groundball, 4, EV 102.5 MPH)
|
Top of the 1st over - 1 run, 1 hit, 1 error, 2 left on base; Greenville 1 - Chicago 0 |
BOTTOM OF THE 1ST |
Chicago Silver Sox batting - Pitching for Greenville 84s : LHP Zadock Dinkelmann
|
Pitching: LHP Zadock Dinkelmann
|
|
Batting: RHB Dejmi Dumervil
|
0-0: Ball 1-0: Called Strike 1-1: Ball 2-1: Foul Ball, location: 2F 2-2: Ball 3-2: Foul Ball, location: 2F 3-2: Ground out 5-3 (Groundball, 56S, EV 85.0 MPH)
|
Batting: RHB Cristo Cuervo
|
0-0: Swinging Strike 0-1: Swinging Strike 0-2: Ball 1-2: Ball 2-2: Ball 3-2: Strikes out swinging
|
Batting: RHB Melvin Thomas
|
0-0: Fly out, F8 (Flyball, 78M, EV 91.2 MPH)
|
Bottom of the 1st over - 0 runs, 0 hits, 0 errors, 0 left on base; Greenville 1 - Chicago 0 |
TOP OF THE 2ND |
Greenville 84s batting - Pitching for Chicago Silver Sox : RHP Carl MacPherson
|
Batting: SHB Shun Komatsu
|
0-0: Called Strike 0-1: Foul Ball, location: 2F 0-2: Strikes out swinging
|
Batting: RHB José Torres
|
0-0: Ball 1-0: Ground out U3 (Groundball, 34, EV 85.6 MPH)
|
Batting: LHB Yu Miao
|
0-0: Ground out 1-3 (Groundball, 15, EV 87.5 MPH)
|
Top of the 2nd over - 0 runs, 0 hits, 0 errors, 0 left on base; Greenville 1 - Chicago 0 |
BOTTOM OF THE 2ND |
Chicago Silver Sox batting - Pitching for Greenville 84s : LHP Zadock Dinkelmann
|
Batting: RHB Fortunato Rasquinha
|
0-0: Ball 1-0: Ball 2-0: Ball 3-0: Foul Ball, location: 2F 3-1: Ground out 5-3 (Groundball, 56, EV 76.9 MPH)
|
Batting: SHB Gerrie Bond
|
0-0: Called Strike 0-1: Fly out, F9 (Flyball, 89S, EV 95.6 MPH)
|
Batting: RHB Loring Rommel
|
0-0: DOUBLE (Line Drive, 7LM, EV 95.6 MPH)
|
Batting: LHB Jonathan Gunner
|
0-0: Called Strike 0-1: Called Strike 0-2: Ball 1-2: Ball 2-2: Foul Ball, location: 2F 2-2: Ball 3-2: Strikes out swinging
|
Bottom of the 2nd over - 0 runs, 1 hit, 0 errors, 1 left on base; Greenville 1 - Chicago 0 |
TOP OF THE 3RD |
Greenville 84s batting - Pitching for Chicago Silver Sox : RHP Carl MacPherson
|
Batting: RHB Juan Jose Ayala
|
0-0: Ball 1-0: Ball 2-0: Ground out 3-1 (Groundball, 3S, EV 64.4 MPH)
|
Batting: LHB Philip Visscher
|
0-0: Ball 1-0: Swinging Strike 1-1: Ground out 1-3 (Groundball, 34S, EV 64.4 MPH)
|
Batting: RHB Ángelo Delgado
|
0-0: Foul Ball, location: 2F 0-1: Swinging Strike 0-2: Ball 1-2: Ball 2-2: Ball 3-2: Fly out, F7 (Flyball, 78M, EV 94.4 MPH)
|
Top of the 3rd over - 0 runs, 0 hits, 0 errors, 0 left on base; Greenville 1 - Chicago 0 |
BOTTOM OF THE 3RD |
Chicago Silver Sox batting - Pitching for Greenville 84s : LHP Zadock Dinkelmann
|
Batting: RHB Ricardo Mireles
|
0-0: Called Strike 0-1: Ball 1-1: Ball 2-1: Swinging Strike 2-2: Ball 3-2: Fly out, F7 (Flyball, 7LMF, EV 95.0 MPH)
|
Batting: SHB Bren Spillane
|
0-0: DOUBLE (Line Drive, 9LM, EV 108.1 MPH)
|
Batting: RHB Dejmi Dumervil
|
0-0: Ball 1-0: Ball 2-0: Called Strike 2-1: Ground out U3 (Groundball, 34, EV 91.9 MPH) Bren Spillane to third
|
Batting: RHB Cristo Cuervo
|
0-0: Called Strike 0-1: Ball 1-1: Ball 2-1: Foul Ball, location: 2F 2-2: Ball 3-2: Strikes out swinging
|
Bottom of the 3rd over - 0 runs, 1 hit, 0 errors, 1 left on base; Greenville 1 - Chicago 0 |
TOP OF THE 4TH |
Greenville 84s batting - Pitching for Chicago Silver Sox : RHP Carl MacPherson
|
Batting: RHB Tae-cho Han
|
0-0: Fly out, F3 (Line Drive, 3, EV 69.4 MPH)
|
Batting: LHB Manoo Satyavrat
|
0-0: Foul Ball, location: 2F 0-1: Fly out, F5 (Popup, 56S, EV 84.4 MPH)
|
Batting: RHB Wally Briggs
|
0-0: Ball 1-0: Ground out 5-3 (Groundball, 56, EV 103.1 MPH)
|
Top of the 4th over - 0 runs, 0 hits, 0 errors, 0 left on base; Greenville 1 - Chicago 0 |
BOTTOM OF THE 4TH |
Chicago Silver Sox batting - Pitching for Greenville 84s : LHP Zadock Dinkelmann
|
Batting: RHB Melvin Thomas
|
0-0: Ball 1-0: Foul Ball, location: 2F 1-1: Foul Ball, location: 2F 1-2: Ball 2-2: Foul Ball, location: 2F 2-2: SINGLE (Line Drive, 4D, EV 98.1 MPH)
|
Batting: RHB Fortunato Rasquinha
|
0-0: Called Strike 0-1: Foul Ball, location: 2F 0-2: Ball 1-2: Foul Ball, location: 2F 1-2: Foul Ball, location: 2F 1-2: Grounds into double play, 6-4-3 (Groundball, 6, EV 90.0 MPH)
|
Batting: SHB Gerrie Bond
|
0-0: Called Strike 0-1: Ball 1-1: Ground out 4-3 (Groundball, 4, EV 105.0 MPH)
|
Bottom of the 4th over - 0 runs, 1 hit, 0 errors, 0 left on base; Greenville 1 - Chicago 0 |
TOP OF THE 5TH |
Greenville 84s batting - Pitching for Chicago Silver Sox : RHP Carl MacPherson
|
Batting: SHB Shun Komatsu
|
0-0: Ball 1-0: Called Strike 1-1: Ball 2-1: Ground out U3 (Groundball, 3, EV 103.8 MPH)
|
Batting: RHB José Torres
|
0-0: Ball 1-0: Called Strike 1-1: Ball 2-1: Ball 3-1: Reached on error, E6 (Groundball, 6, EV 91.9 MPH)
|
Batting: LHB Yu Miao
|
0-0: Ball 1-0: Ball 2-0: Fly out, F8 (Flyball, 8RM, EV 86.2 MPH)
|
Batting: RHB Juan Jose Ayala
|
0-0: Ball 1-0: Ball 2-0: Fielders Choice at 2nd, 6-4 (Groundball, 6, EV 82.5 MPH)
|
Top of the 5th over - 0 runs, 0 hits, 1 error, 1 left on base; Greenville 1 - Chicago 0 |
BOTTOM OF THE 5TH |
Chicago Silver Sox batting - Pitching for Greenville 84s : LHP Zadock Dinkelmann
|
Batting: RHB Loring Rommel
|
0-0: Ball 1-0: Ball 2-0: Ball 3-0: Base on Balls
|
Batting: LHB Jonathan Gunner
|
0-0: Called Strike 0-1: Ball 1-1: Foul Ball, location: 2F 1-2: Fly out, F8 (Flyball, 78S, EV 94.4 MPH)
|
Batting: RHB Ricardo Mireles
|
0-0: Fly out, F8 (Flyball, 89M, EV 89.4 MPH)
|
Batting: SHB Bren Spillane
|
0-0: Ball 1-0: Foul Ball, location: 2F 1-1: Ball 2-1: Ball 3-1: SINGLE (Line Drive, 8LS, EV 87.5 MPH) Loring Rommel to second Runner from 2nd tries for 3rd, OUT! 8-5
|
Bottom of the 5th over - 0 runs, 1 hit, 0 errors, 1 left on base; Greenville 1 - Chicago 0 |
TOP OF THE 6TH |
Greenville 84s batting - Pitching for Chicago Silver Sox : RHP Carl MacPherson
|
Batting: LHB Philip Visscher
|
0-0: SINGLE (Line Drive, 78S, EV 105.6 MPH)
|
Batting: RHB Ángelo Delgado
|
0-0: Grounds into double play, 4-6-3 (Groundball, 4, EV 102.5 MPH)
|
Batting: RHB Tae-cho Han
|
0-0: Fly out, F7 (Flyball, 7, EV 91.9 MPH)
|
Top of the 6th over - 0 runs, 1 hit, 0 errors, 0 left on base; Greenville 1 - Chicago 0 |
BOTTOM OF THE 6TH |
Chicago Silver Sox batting - Pitching for Greenville 84s : LHP Zadock Dinkelmann
|
Batting: RHB Dejmi Dumervil
|
0-0: Ball 1-0: SINGLE (Line Drive, 78S, EV 103.1 MPH)
|
Batting: RHB Cristo Cuervo
|
0-0: Ball 1-0: Called Strike 1-1: Ball 2-1: Fly out, F8 (Line Drive, 8LM, EV 107.5 MPH)
|
Batting: RHB Melvin Thomas
|
0-0: Foul Ball, location: 2F 0-1: Ground out 3-1 (Groundball, 3, EV 93.1 MPH) Dejmi Dumervil to second
|
Batting: RHB Fortunato Rasquinha
|
0-0: Fly out, F9 (Flyball, 89XD, EV 91.9 MPH)
|
Bottom of the 6th over - 0 runs, 1 hit, 0 errors, 1 left on base; Greenville 1 - Chicago 0 |
TOP OF THE 7TH |
Greenville 84s batting - Pitching for Chicago Silver Sox : RHP Carl MacPherson
|
Batting: LHB Manoo Satyavrat
|
0-0: Ball 1-0: Ball 2-0: Ball 3-0: Base on Balls
|
Batting: RHB Wally Briggs
|
0-0: Called Strike 0-1: Called Strike 0-2: Strikes out swinging
|
Batting: SHB Shun Komatsu
|
0-0: Called Strike 0-1: Ball 1-1: Ball 2-1: Fly out, F9 (Flyball, 89XD, EV 102.5 MPH)
|
Batting: RHB José Torres
|
0-0: Called Strike 0-1: Called Strike 0-2: SINGLE (Groundball, 34D, EV 99.4 MPH) Manoo Satyavrat to second Runner from 2nd tries for 3rd, SAFE, no throw by RF
|
Batting: LHB Yu Miao
|
0-0: Called Strike 0-1: Foul Ball, location: 2F 0-2: Strikes out swinging
|
Top of the 7th over - 0 runs, 1 hit, 0 errors, 2 left on base; Greenville 1 - Chicago 0 |
BOTTOM OF THE 7TH |
Chicago Silver Sox batting - Pitching for Greenville 84s : LHP Zadock Dinkelmann
|
Batting: SHB Gerrie Bond
|
0-0: SINGLE (Line Drive, 34D, EV 108.8 MPH)
|
Pitching: RHP Liam Thomson
|
|
Batting: RHB Loring Rommel
|
0-0: Ball 1-0: Foul Ball, location: 2F 1-1: Called Strike 1-2: Ball 2-2: Foul Ball, location: 2F 2-2: Strikes out swinging
|
Batting: LHB Jonathan Gunner
|
0-0: Ball 1-0: Ball 2-0: Called Strike 2-1: Foul Ball, location: 2F 2-2: Foul Ball, location: 2F 2-2: Strikes out swinging
|
Pinch Hitting: LHB Michael Witt
|
0-0: Ball 1-0: Ground out 4-3 (Groundball, 4, EV 77.5 MPH)
|
Bottom of the 7th over - 0 runs, 1 hit, 0 errors, 1 left on base; Greenville 1 - Chicago 0 |
TOP OF THE 8TH |
Greenville 84s batting - Pitching for Chicago Silver Sox : RHP Carl MacPherson
|
Now in RF: Michael Witt
|
|
Batting: RHB Juan Jose Ayala
|
0-0: SINGLE (Groundball, 6MD, EV 96.9 MPH)
|
Batting: LHB Philip Visscher
|
0-0: Ball 1-0: Ball 2-0: Called Strike 2-1: Swinging Strike 2-2: Strikes out swinging
|
Batting: RHB Ángelo Delgado
|
0-0: Called Strike 0-1: Swinging Strike 0-2: Ball 1-2: Ground out 4-3 (Groundball, 4, EV 83.8 MPH) Juan Jose Ayala to second
|
Batting: RHB Tae-cho Han
|
0-0: Ground out 6-3 (Groundball, 6, EV 102.5 MPH)
|
Top of the 8th over - 0 runs, 1 hit, 0 errors, 1 left on base; Greenville 1 - Chicago 0 |
BOTTOM OF THE 8TH |
Chicago Silver Sox batting - Pitching for Greenville 84s : RHP Liam Thomson
|
Batting: SHB Bren Spillane
|
0-0: Ball 1-0: Ball 2-0: Foul Ball, location: 2F 2-1: Ground out 6-3 (Groundball, 6, EV 107.5 MPH)
|
Batting: RHB Dejmi Dumervil
|
0-0: Ball 1-0: Called Strike 1-1: Ball 2-1: Ground out 2-3 (Groundball, 2L, EV 61.9 MPH)
|
Batting: RHB Cristo Cuervo
|
0-0: Ball 1-0: Ball 2-0: Called Strike 2-1: Swinging Strike 2-2: Foul Ball, location: 2F 2-2: Strikes out swinging
|
Bottom of the 8th over - 0 runs, 0 hits, 0 errors, 0 left on base; Greenville 1 - Chicago 0 |
TOP OF THE 9TH |
Greenville 84s batting - Pitching for Chicago Silver Sox : RHP Carl MacPherson
|
Batting: LHB Manoo Satyavrat
|
0-0: Called Strike 0-1: SINGLE (Flyball, 6MD, EV 89.4 MPH)
|
Batting: RHB Wally Briggs
|
0-0: Called Strike 0-1: Ball 1-1: SINGLE (Line Drive, 56D, EV 95.0 MPH) Manoo Satyavrat to second
|
Batting: SHB Shun Komatsu
|
0-0: Called Strike 0-1: DOUBLE (Line Drive, 7LM, EV 107.5 MPH) Manoo Satyavrat scores Wally Briggs to third
|
Pitching: RHP Eugenio Pińeiro
|
|
Batting: RHB José Torres
|
0-0: Ball 1-0: Ball 2-0: Foul Ball, location: 2F 2-1: Foul Ball, location: 2F 2-2: Ball 3-2: Foul Ball, location: 2F 3-2: Ground out 5-3 (Groundball, 5S, EV 81.2 MPH)
|
Batting: LHB Yu Miao
|
0-0: Ground out 6-3 (Groundball, 4M, EV 107.5 MPH) Wally Briggs scores Shun Komatsu to third
|
Batting: RHB Juan Jose Ayala
|
0-0: Ball 1-0: Ball 2-0: Fly out, F9 (Flyball, 89M, EV 91.9 MPH)
|
Top of the 9th over - 2 runs, 3 hits, 0 errors, 1 left on base; Greenville 3 - Chicago 0 |
BOTTOM OF THE 9TH |
Chicago Silver Sox batting - Pitching for Greenville 84s : RHP Liam Thomson
|
Batting: RHB Melvin Thomas
|
0-0: Ball 1-0: Ball 2-0: DOUBLE (Line Drive, 89M, EV 109.4 MPH)
|
Pitching: RHP Rubén Vázquez
|
|
Batting: RHB Fortunato Rasquinha
|
0-0: Called Strike 0-1: Ball 1-1: Called Strike 1-2: Foul Ball, location: 2F 1-2: Foul Ball, location: 2F 1-2: Ball 2-2: Fly out, F8 (Line Drive, 8RD, EV 88.8 MPH)
|
Batting: SHB Gerrie Bond
|
0-0: SINGLE (Flyball, 8RS, EV 93.1 MPH) Melvin Thomas to third
|
Batting: RHB Loring Rommel
|
0-0: Called Strike 0-1: Fielders Choice at 2nd, 1-6 (Groundball, 34S, EV 81.9 MPH)
|
Batting: LHB Jonathan Gunner
|
0-0: Called Strike 0-1: 3-RUN HOME RUN (Line Drive, 89XD, EV 98.8 MPH), Distance : 401 ft
|
Batting: LHB Michael Witt
|
0-0: Called Strike 0-1: Ball 1-1: Ball 2-1: Ground out U3 (Groundball, 3, EV 80.6 MPH)
|
Bottom of the 9th over - 3 runs, 3 hits, 0 errors, 0 left on base; Greenville 3 - Chicago 3 |
TOP OF THE 10TH |
Greenville 84s batting - Pitching for Chicago Silver Sox : RHP Eugenio Pińeiro
|
Batting: LHB Philip Visscher
|
0-0: Called Strike 0-1: Ball 1-1: Ball 2-1: SINGLE (Groundball, 4D, EV 98.1 MPH)
|
Batting: RHB Ángelo Delgado
|
0-0: Called Strike 0-1: Grounds into double play, 6-4-3 (Groundball, 6, EV 84.4 MPH)
|
Batting: RHB Tae-cho Han
|
0-0: Ball 1-0: Foul Ball, location: 2F 1-1: Foul Ball, location: 2F 1-2: Fly out, F9 (Flyball, 9, EV 91.9 MPH)
|
Top of the 10th over - 0 runs, 1 hit, 0 errors, 0 left on base; Greenville 3 - Chicago 3 |
BOTTOM OF THE 10TH |
Chicago Silver Sox batting - Pitching for Greenville 84s : RHP Rubén Vázquez
|
Batting: SHB Bren Spillane
|
0-0: Fly out, F8 (Flyball, 8RXD, EV 100.6 MPH)
|
Batting: RHB Dejmi Dumervil
|
0-0: Called Strike 0-1: Fly out, F7 (Flyball, 7, EV 88.8 MPH)
|
Batting: RHB Cristo Cuervo
|
0-0: Foul Ball, location: 2F 0-1: Ball 1-1: SINGLE (Line Drive, 4MD, EV 111.9 MPH)
|
Batting: RHB Melvin Thomas
|
0-0: Foul Ball, location: 2F 0-1: Ball 1-1: Called Strike 1-2: SINGLE (Groundball, 6D, EV 95.6 MPH) Cristo Cuervo to second
|
Batting: RHB Fortunato Rasquinha
|
0-0: Ball 1-0: Foul Ball, location: 2F 1-1: Foul Ball, location: 2F 1-2: Ball 2-2: Strikes out swinging
|
Bottom of the 10th over - 0 runs, 2 hits, 0 errors, 2 left on base; Greenville 3 - Chicago 3 |
TOP OF THE 11TH |
Greenville 84s batting - Pitching for Chicago Silver Sox : RHP Eugenio Pińeiro
|
Batting: LHB Manoo Satyavrat
|
0-0: Ball 1-0: Ground out 5-3 (Groundball, 5, EV 90.0 MPH)
|
Batting: RHB Wally Briggs
|
0-0: Ball 1-0: TRIPLE (Line Drive, 9D, EV 98.1 MPH)
|
Batting: SHB Shun Komatsu
|
0-0: Intentional Walk
|
Batting: RHB José Torres
|
0-0: Called Strike 0-1: Called Strike 0-2: Ball 1-2: Ball 2-2: Ball 3-2: Grounds into double play, 4-6-3 (Groundball, 4, EV 78.8 MPH)
|
Top of the 11th over - 0 runs, 1 hit, 0 errors, 1 left on base; Greenville 3 - Chicago 3 |
BOTTOM OF THE 11TH |
Chicago Silver Sox batting - Pitching for Greenville 84s : RHP Rubén Vázquez
|
Batting: SHB Gerrie Bond
|
0-0: Ball 1-0: Fly out, F8 (Flyball, 8RXD, EV 97.5 MPH)
|
Batting: RHB Loring Rommel
|
0-0: Ball 1-0: SINGLE (Groundball, 56D, EV 103.8 MPH)
|
Batting: LHB Jonathan Gunner
|
0-0: Ball Wild Pitch! Loring Rommel to second 1-0: Intentional Walk
|
Batting: LHB Michael Witt
|
0-0: Called Strike Loring Rommel is caught stealing 3rd base 2-5 0-1: Foul Ball, location: 2F 0-2: Ball 1-2: Ball 2-2: Fly out, F7 (Flyball, 7S, EV 82.5 MPH)
|
Bottom of the 11th over - 0 runs, 1 hit, 0 errors, 1 left on base; Greenville 3 - Chicago 3 |
TOP OF THE 12TH |
Greenville 84s batting - Pitching for Chicago Silver Sox : RHP Eugenio Pińeiro
|
Batting: LHB Yu Miao
|
0-0: Swinging Strike 0-1: Ball 1-1: Foul Ball, location: 2F 1-2: Foul Ball, location: 2F 1-2: Ball 2-2: Strikes out swinging
|
Batting: RHB Juan Jose Ayala
|
0-0: Ball 1-0: Swinging Strike 1-1: Fly out, F9 (Flyball, 9, EV 90.6 MPH)
|
Batting: LHB Philip Visscher
|
0-0: Called Strike 0-1: Ball 1-1: Ball 2-1: Foul Ball, location: 2F 2-2: Foul Ball, location: 2LF, Error on foul ball, E2 2-2: Ball 3-2: Foul Ball, location: 2F 3-2: Foul Ball, location: 2F 3-2: Foul Ball, location: 2F 3-2: Foul Ball, location: 2F 3-2: SINGLE (Line Drive, 4D, EV 98.8 MPH)
|
Pitching: RHP Forest Stanley
|
|
Batting: RHB Ángelo Delgado
|
0-0: Called Strike 0-1: Foul Ball, location: 2F 0-2: Ball 1-2: Ball 2-2: Strikes out swinging
|
Top of the 12th over - 0 runs, 1 hit, 1 error, 1 left on base; Greenville 3 - Chicago 3 |
BOTTOM OF THE 12TH |
Chicago Silver Sox batting - Pitching for Greenville 84s : RHP Rubén Vázquez
|
Batting: SHB Bren Spillane
|
0-0: Ball 1-0: SOLO HOME RUN (Flyball, 7D, EV 103.1 MPH), Distance : 371 ft
|
|
Wednesday, July 8th, 2020 - OOTP Baseball 20.8 Build 74
|
|